 Dungeon Sprint DCSS version 0.23-a0-396-g5214e5f (webtiles) character file.

1792 emperorscorpion the Deadly Accurate (level 8, -1/73 HPs)
             Began as a Centaur Hunter on Nov 2, 2018.
             Was a Priest of Okawaru.
             Slain by a troll (11 damage)
             ... in the Dungeon (Sprint IX: "|||||||||||||||||||||||||||||").
             The game lasted 00:03:52 (1110 turns).

emperorscorpion the Deadly Accurate (CeHu)          Turns: 1110, Time: 00:03:53

Health: -1/73      AC:  7    Str: 19    XL:     8   Next: 82%
Magic:  8/8        EV: 11    Int: 17    God:    Okawaru [***...]
Gold:   0          SH:  0    Dex: 15    Spells: 7/7 levels left

rFire    . . .     SeeInvis .   a - +4 quarterstaff of Fundamental Breach {crush, rC- Str+4 Int+7}
rCold    x . .     Gourm    .   (shield currently unavailable)
rNeg     . . .     Faith    .   r - +0 leather armour
rPois    .         Spirit   .   (no helmet)
rElec    .         Reflect  .   (no cloak)
rCorr    .         Harm     .   (no gloves)
MR       .....     NoTele   +   (no barding)
Stlth    +.........             (no amulet)
HPRegen  0.22/turn              v - +3 ring of dexterity
MPRegen  0.11/turn              w - +2 ring of protection

@: very quick
A: large, hooves 3, deformed body, speed 2, tough skin 3
a: Heroism, Renounce Religion


You were in the Dungeon.
You worshipped Okawaru.
Okawaru was most pleased with you.
You were hungry.

You visited 1 branch

Inventory:

Hand Weapons
 a - the +4 quarterstaff of Fundamental Breach (weapon) {crush, rC- Str+4 Int+7}
   (You found it in the Dungeon)

   It inflicts extra damage upon your enemies.
   It affects your strength (+4).
   It affects your intelligence (+7).
   It makes you vulnerable to cold.
 b - a +3 war axe of flaming
 p - a +0 short sword
 q - a +2 scimitar of holy wrath
Missiles
 d - a throwing net (quivered)
Armour
 r - a +0 leather armour (worn)
 s - a +0 cloak
 t - a +0 pair of boots
 u - a +1 chain mail
Magical Staves
 o - an uncursed staff of energy
Jewellery
 v - a +3 ring of dexterity (left hand)
 w - a +2 ring of protection (right hand)
Wands
 n - a wand of acid (6)
Scrolls
 k - 2 scrolls of blinking
 l - 3 scrolls of remove curse
 m - 2 scrolls of amnesia
Potions
 e - 5 potions of curing
 g - 3 potions of heal wounds
 h - a potion of haste
 i - 4 potions of magic
 j - a potion of invisibility
Comestibles
 f - a ration


   Skills:
 + Level 7.3 Fighting
 + Level 5.1(5.4) Short Blades
 + Level 2.4(4.1) Long Blades
 + Level 4.2 Staves
 + Level 15.4 Throwing
 + Level 4.6 Armour
 + Level 3.8 Dodging
 + Level 1.7 Stealth
 + Level 0.1 Invocations
 + Level 0.6 Evocations


You had 7 spell levels left.
You didn't know any spells.
Your spell library was empty.

Dungeon Overview and Level Annotations

Branches:
Dungeon (1/1)

Altars:
Cheibriados
Dithmenos
Elyvilon
Fedhas
Gozag
Hepliaklqana
Kikubaaqudgha
Makhleb
Nemelex Xobeh
Okawaru
Qazlal
Ru
Sif Muna
Trog
Uskayaw
Vehumet
Wu Jian
Xom
Yredelemnul
Zin
The Shining One
Beogh
Jiyva
Lugonu


Innate Abilities, Weirdness & Mutations

You have hooves in place of feet.
Armour fits poorly on your strangely shaped body.
You cover ground very quickly.
You have extremely tough skin. (AC +3)


Message History

The ynoxinul disappears in a puff of smoke!
The ufetubus disappears in a puff of smoke!
The kobold demonologist is engulfed in seething chaos.
The kobold demonologist hits you with a +0 dagger.
* * * LOW HITPOINT WARNING * * *
You hit the kobold demonologist. You kick the kobold demonologist!
The kobold demonologist is heavily wounded.
The shadow imp disappears in a puff of smoke!
The kobold demonologist looks encouraged for a moment.
You sock the kobold demonologist!
The kobold demonologist is almost dead.
The kobold demonologist begins to cast a cantrip, but forgets the words!
You hit the kobold demonologist.
You kill the kobold demonologist!
Okawaru accepts your kill.
Okawaru will gift you ammunition as your piety grows.
Your Staves skill increases to level 4!
You barely miss the troll. Your kick misses the troll.
The troll closely misses you. x2; The troll claws you!
You die... ▓▓▓▓▓▓▓▓▓▓▓▓▓▓▓▓▓▓▓▓▓▓▓▓▓▓▓▓▓▓▓▓▓ ____________'...@TZ..(((.(Y.K'K.T ▓▓▓▓▓▓▓▓▓▓▓▓▓▓▓▓▓▓▓▓▓▓▓▓▓▓▓▓▓▓▓▓▓

You could see a troll and a bat zombie.

Vanquished Creatures
  A two-headed ogre (D)
  An ugly thing (D)
  A kobold demonologist (D)
  An ice beast (D)
  An ogre (D)
  A phantom (D)
  A crocodile (D)
  A bullfrog (D)
  2 hounds (D)
  A shadow imp (D)
  An adder zombie (D)
  A hobgoblin (D)
  A jackal (D)
  2 ball python skeletons (D)
  A kobold (D)
  2 rats (D)
19 creatures vanquished.

Notes
Turn   | Place    | Note
-------+----------+-------------------------------------------
     0 | D        | emperorscorpion the Centaur Hunter began the quest for the
                  | Orb.
     0 | D        | Reached XP level 1. HP: 17/17 MP: 1/1
     7 | D        | Reached skill level 5 in Throwing
   344 | D        | Noticed a phantom
   344 | D        | Noticed an ogre
   356 | D        | Killed an ogre
   356 | D        | Reached skill level 1 in Short Blades
   356 | D        | Reached skill level 8 in Throwing
   356 | D        | Reached skill level 1 in Armour
   356 | D        | Reached XP level 2. HP: 15/26 MP: 2/2
   356 | D        | Reached XP level 3. HP: 18/31 MP: 3/3
   356 | D        | Reached XP level 4. HP: 22/38 MP: 4/4
   357 | D        | Reached skill level 9 in Throwing
   367 | D        | Found a roughly hewn altar of Beogh.
   367 | D        | Found a snail-covered altar of Cheibriados.
   367 | D        | Found a shadowy altar of Dithmenos.
   367 | D        | Found a white marble altar of Elyvilon.
   367 | D        | Found a blossoming altar of Fedhas.
   367 | D        | Found an opulent altar of Gozag.
   368 | D        | Found a hazy altar of Hepliaklqana.
   369 | D        | Found a viscous altar of Jiyva.
   370 | D        | Found an ancient bone altar of Kikubaaqudgha.
   371 | D        | Found a corrupted altar of Lugonu.
   372 | D        | Found a burning altar of Makhleb.
   373 | D        | Found a sparkling altar of Nemelex Xobeh.
   374 | D        | Found an iron altar of Okawaru.
   375 | D        | Found a stormy altar of Qazlal.
   376 | D        | Found a sacrificial altar of Ru.
   377 | D        | Found a deep blue altar of Sif Muna.
   378 | D        | Found a bloodstained altar of Trog.
   379 | D        | Found a hide-covered altar of Uskayaw.
   380 | D        | Found a radiant altar of Vehumet.
   381 | D        | Found an ornate altar of the Wu Jian Council.
   382 | D        | Became a worshipper of Warmaster Okawaru
   383 | D        | Found a shimmering altar of Xom.
   384 | D        | Found a basalt altar of Yredelemnul.
   385 | D        | Found a glowing silver altar of Zin.
   386 | D        | Found a glowing golden altar of the Shining One.
   406 | D        | Got the +4 quarterstaff of Fundamental Breach {crush, rC-
                  | Str+4 Int+7}
   421 | D        | Killed a phantom
   421 | D        | Reached skill level 10 in Throwing
   421 | D        | Reached XP level 5. HP: 27/46 MP: 5/5
   547 | D        | Noticed a two-headed ogre
   547 | D        | Noticed a crocodile
   550 | D        | Reached skill level 11 in Throwing
   561 | D        | Killed a crocodile
   561 | D        | Reached * piety under Okawaru
   561 | D        | Reached skill level 1 in Long Blades
   561 | D        | Reached XP level 6. HP: 53/53 MP: 6/6
   579 | D        | Killed a two-headed ogre
   579 | D        | Reached skill level 1 in Staves
   579 | D        | Reached skill level 14 in Throwing
   579 | D        | Reached skill level 1 in Stealth
   579 | D        | Reached XP level 7. HP: 46/63 MP: 7/7
   588 | D        | Reached XP level 8. HP: 34/71 MP: 8/8
   796 | D        | Noticed a brown ugly thing
   796 | D        | Noticed a kobold demonologist
   796 | D        | Noticed a troll
   800 | D        | Noticed a soul eater
   813 | D        | Killed a brown ugly thing
   813 | D        | Reached ** piety under Okawaru
   813 | D        | Reached skill level 5 in Short Blades
   813 | D        | Reached skill level 15 in Throwing
  1085 | D        | Noticed a red devil
  1109 | D        | Killed a kobold demonologist
  1109 | D        | Reached *** piety under Okawaru
  1110 | D        | Slain by a troll

Vault maps used:
D:        linesprint

Skill      XL: |  1  2  3  4  5  6  7  8 |
---------------+-------------------------+-----
Throwing       | 8 10 11 14 15 | 15.4
Fighting       | 3 4 6 7 |  7.3
Short Blades   | 1 2 3 4 5 |  5.1
Armour         | 1 2 3 4 |  4.6
Dodging        | 2 3 |  3.8
Long Blades    | 1 2 |  2.4
Staves         | 1 4 |  4.2
Stealth        | 1 |  1.7
Invocations    | |  0.1
Evocations     | |  0.6

Action                   |  1- 3 |  4- 6 |  7- 9 || total
-------------------------+-------+-------+-------++-------
Melee: Short sword       |    31 |     4 |       ||    35
       Kick              |     3 |     3 |    13 ||    19
       Scimitar          |       |     1 |       ||     1
       Quarterstaff      |       |     2 |    39 ||    41
Throw: Javelin           |       |     6 |     6 ||    12
       Throwing net      |       |       |     1 ||     1
Invok: Heroism           |       |       |     1 ||     1
Evoke: Wand              |       |     1 |     3 ||     4
  Use: Potion            |     1 |       |       ||     1
Armor: Leather armour    |     8 |     1 |     5 ||    14
Dodge: Dodged            |     9 |     2 |    21 ||    32

Table legend:
 A = Non-vault XP
 B = Vault XP
 C = Vault XP percentage of total XP
 D = Non-vault monster count
 E = Vault monster count
 F = Vault count percentage of total count
                 A         B        C        D         E       F
            +---------+---------+-------+---------+---------+-------
      Total |       0 |    2561 | 100.0 |       0 |      19 | 100.0
            +---------+---------+-------+---------+---------+-------
          D |       0 |    2561 | 100.0 |       0 |      19 | 100.0
            +---------+---------+-------+---------+---------+-------
